Workbook
Name _: #REF!

Sheet Directorio
A1: No. | B1: NOMBRE DEL PROPONENTE | C1: NIT | D1: REPRESENTANTE LEGAL | E1: CEDULA | F1: INTEGRANTES DEL CONSORCIO O DE LA UNION TEMPORAL | Z1: Telefono | AA1: Direccion | AB1: Email | AC1: Ciudad
F2: Integrante 1 | G2: % Int. 1 | H2: NIT O CEDULA DE CIUDADANIA | I2: Integrante 2 | J2: % Int. 2 | K2: NIT O CEDULA DE CIUDADANIA | L2: INTEGRANTE 3 | M2: % Int. 3 | P2: NIT O CEDULA DE CIUDADANIA | Q2: Integrante 3 | R2: % Int. 3 | S2: NIT O CEDULA DE CIUDADANIA | T2: INTEGRANTE 3 | U2: % Int. 3 | Y2: NIT O CEDULA DE CIUDADANIA
N3: INTEGRANTE 4 | O3: % Int. 4 | V3: INTEGRANTE 4 | W3: % Int. 4 | X3: INTEGRANTE 5
A4: 1 | B4: TRANSPORTES ESPECIALES ALIADOS SAS | C4: 900444852-9
A5: =+A4+1 -> 2 | B5: UT HABITAT SOCIAL | F5: TRANSPORTES ESPECIALES EASYVANS SAS | G5: 0.3 | H5: 900935998 | I5: LINEAS PREMIUM SAS | J5: 0.7 | K5: 900461872-8
A6: =+A5+1 -> 3 | B6: MAVETRANS SAS | C6: 900627348-4
A7: =+A6+1 -> 4 | B7: TRANSPORTES ESPECIALES FSG SAS | C7: 830117701-1
A8: =+A7+1 -> 5 | B8: INVERSIONES TRANSTURISMOS SAS | C8: 830050283-2
A9: =+A8+1 -> 6 | B9: TRANSPORTES ESPECIALES NUEVA ERA SAS | C9: 901056044-3
A10: =+A9+1 -> 7 | B10: TRANSPORTES ESPECIALES UNO A LIMITADA | C10: 805028887-8
A11: =+A10+1 -> 8 | B11: TRANSPORTES ESPECIALIZADOS JR SAS | C11: 830033581-0
A12: =+A11+1 -> 9 | B12: TRANSGALAXIA SA | C12: 800210669-1
A13: =+A12+1 -> 10 | B13: GRUPO EMPRESARIAL JHS SAS | C13: 900205684-3
A14: 11 | B14: SERVITAC SAS | C14: 830090037-8
A15: 12 | B15: MIL SERVICIOS SAS | C15: 808002622-1
A16: 13 | B16: SETCOLTUR SAS | C16: 830115149-4
A17: =+A16+1 -> 14 | B17: AS TRANSPORTES | C17: 811036515-9
A18: =+A17+1 -> 15 | B18: UNION TEMPORAL TRANSPINTO 2020 | F18: ORGANIZACIÓN DE TRANSPORTE PINTO SAS | G18: 0.7 | H18: 901133114-0 | I18: COEPRATIVA TRANSPORTADORA DE COLOMBIA COTRACOL | J18: 0.3 | K18: 819005052-7
A19: =+A18+1 -> 16 | B19: ESIVANS SAS | C19: 830102646-7
A20: =+A19+1 -> 17 | B20: INVERSIONES TRANSABANA SAS | C20: 900512082-6
A21: =+A20+1 -> 18 | B21: ESTURISVANS SAS | C21: 830038996-6
A22: =+A21+1 -> 19 | B22: TRANSPORTES CSC S.A.S - EN REORGANIZACIÓN | C22: 900470772-8
A23: =+A22+1 -> 20 | B23: ZIDCAR SAS | C23: 900310208-1
A24: 21 | B24: PLATINO VIP SAS | C24: 800105371-1
A25: =+A24+1 -> 22 | B25: BUSINESS CLASS CO SAS | C25: 900823438-9
A26: =+A25+1 -> 23 | B26: LIDERTUR SA | C26: 800126471-1

Sheet Exp. Proponente
A1: PRESTAR EL SERVICIO DE TRANSPORTE TERRESTRE AUTOMOTOR ESPECIAL, INCLUIDOS TODOS LOS GASTOS INHERENTES AL MISMO
A3: SDHT-SASI-001-2020
Q4: 2010 | R4: 515000
A5: Experiencia a Acreditar | F5: Código RUP | G5: # Contratos | H5: Fecha Lím. Fin. Cont. | I5: Valor Sumatoria Contratos SMMLV | J5: PRESUPUESTO | Q5: 2009 | R5: 496900
A6: 3.2.3.3 | B6: EN SERVICIO DE TRANSPORTE | F6: 78111800 | G6: Max 3 | I6: =J6/877803 -> 774.02219 | J6: 679439000 | Q6: 2008 | R6: 461500
Q7: 2006 | R7: 408000
A8: Proponente: | C8: 1 | D8: =+Directorio!B4 -> TRANSPORTES ESPECIALES ALIADOS SAS | K8: No. | L8: 1 | Q8: 2005 | R8: 381500
A9: CONSECUTIVO RUP | B9: Propietario o Entidad Contratante | C9: Contrato | D9: Objeto | E9: Objeto del contrato | F9: CÓDIGO RUP | G9: Fecha Finalización | H9: Valor Contrato | I9: SMMLV para Cálculo | J9: % Part en la UT del contrato. | K9: Valor Contrato en SMMLV | L9: Observaciones | Q9: 2004 | R9: 358000
B10: SUBRED INTEGRADA DE SERVICIOSDE SALUD SUR E.S.E | C10: SISSS-141-2017 | E10: SERVICIO DE TRANSPORTE ESPECIAL PLACA BLANCA A FIN DE GARANTIZAR LA ATENCIÓN… | F10: 78111800 | G10: 43119 | H10: 1742375000 | I10: 781242 | J10: 1 | K10: =H10/I10 -> 2230.2628 | Q10: 2003 | R10: 332000
B11: UNIVERSIDAD PEDAGOGICA Y TECNOLOGICA DE COLOMBIA | C11: 70 DE 2016 | E11: CONTRATAR EL SERVICIO DE TRANSPORTE DE PERSONAL EN CAMIONETAS 4X4 CON DESTINO AL CONVENIO... | F11: 78111800 | G11: 42970 | H11: 2283933500 | I11: 737717 | J11: 1 | K11: =H11/I11 -> 3095.948
B12: SECRETARÍA DE SALUD DE CUNDINAMARCA | C12: 711 DE 2014 | E12: SERVICIO DE TRANSPORTE ESPECIAL DE PACIENTES DEL DEPARTAMENTO DE CUNDINAMARCA PARA DAR CUMPLIMIENTO ALOS FALLOS DE TUTELA. | F12: 78111800 | G12: 42354 | H12: 1890000000 | I12: 644350 | J12: 1 | K12: =H12/I12 -> 2933.1885
K13: =SUM(K10:K12) -> 8259.3994 | Q13: 1998 | R13: 203826
K14: =IF(AND(K13>=I6),"CUMPLE ", "NO CUMPLE ") -> CUMPLE
A16: Proponente: | C16: 2 | D16: =Directorio!B5 -> UT HABITAT SOCIAL
A17: CONSECUTIVO RUP | B17: Propietario o Entidad Contratante | C17: Contrato | D17: Objeto | E17: Objeto del contrato | F17: CÓDIGO RUP | G17: Fecha Finalización | H17: Valor Contrato | I17: SMMLV para Cálculo | J17: % Part en la UT del contrato. | K17: Valor Contrato en SMMLV | L17: Observaciones
A18: 2 | B18: SOCIEDAD OPERADORA 72 GRAN_x000D_ HOTEL S.A.S | C18: 19 de 2014 | E18: Prestar servicio de transporte terrestre de personas, junto con sus equipajes, que podran ser los huespedes del contratante o sus colaboradores, para que sea transportado dentro y fuera del perimetro... | F18: 78111800 | G18: 43465 | H18: 3812082349 | I18: 781242 | J18: N/A | K18: =+H18/I18 -> 4879.5154 | L18: El proponente en subsanacion allega certificacion
A19: 6 | B19: EMPRESA NACIONAL_x000D_ PROMOTORA DELDESARROLLO_x000D_ TERRITORIAL | C19: 2180888 | E19: Prestacion del servicio integral de transporte de pasajeros en las modalidades terrestre, fluvial, maritimo, multimodal, a todo costo para el personal que realizara el censo nacional de población y de vivienda… | F19: 78111800 | G19: 43409 | H19: 4837963624 | I19: 781242 | J19: 0.28 | K19: =+(H19/I19)*J19 -> 1733.9439 | L19: El proponente en subsanacion allega certificacion
A20: 8 | B20: CI. COLEXPORTEX S.A.S | C20: 8 | E20: Prestar el servicio de transporte terrestre automotor especial a nivel nacional simultaneo de personal de la empresa contratante (empleados, clientes, proveedores) y todos los servicios que se requieran ... | F20: 78111800 | G20: 43465 | H20: 253903650 | I20: 781242 | J20: N/A | K20: =+H20/I20 -> 325 | L20: El proponente en subsanacion allega certificacion
K21: =SUM(K18:K20) -> 6938.4593
K22: =IF(AND(K21>=I6),"CUMPLE ", "NO CUMPLE ") -> CUMPLE
A24: Proponente: | C24: 3 | D24: =+Directorio!B6 -> MAVETRANS SAS
A25: CONSECUTIVO RUP | B25: Propietario o Entidad Contratante | C25: Contrato | D25: Objeto | E25: Objeto del contrato | F25: CÓDIGO RUP | G25: Fecha Finalización | H25: Valor Contrato | I25: SMMLV para Cálculo | J25: % Part en la UT del contrato. | K25: Valor Contrato en SMMLV | L25: Observaciones
A26: 38 | B26: PROMOTORA DE DESARROLLO TERRITORIAL | C26: 2180888 | E26: Prestacion del servicio integral de transporte de pasajeros en las modalidades terrestre, fluvial, maritimo, multimodal a todo costo, para el personal que realizará el Censo Nacional de Población y Vivienda… | F26: 78111800 | G26: 43409 | H26: 4837963624 | I26: 781242 | J26: 0.28 | K26: =+(H26/I26)*J26 -> 1733.9439 | L26: El proponente allego documento con aclaracion del numero de consecutivo en RUP
K27: =SUM(K26:K26) -> 1733.9439
K28: =IF(AND(K27>=I6),"CUMPLE ", "NO CUMPLE ") -> CUMPLE
A30: Proponente: | C30: 4 | D30: =+Directorio!B7 -> TRANSPORTES ESPECIALES FSG SAS
A31: CONSECUTIVO RUP | B31: Propietario o Entidad Contratante | C31: Contrato | D31: Objeto | E31: Objeto del contrato | F31: CÓDIGO RUP | G31: Fecha Finalización | H31: Valor Contrato | I31: SMMLV para Cálculo | J31: % Part en la UT del contrato. | K31: Valor Contrato en SMMLV | L31: Observaciones
A32: 102 | B32: SECRETARÍA DISTRITAL DE GOBIERNO | C32: 573 de 2017 | E32: PRESTACIÓN DE SERVICIO DE TRANSPORTE PUBLICO TERRESTRE AUTOMOTOR ESPECIAL | F32: 78111800 | G32: 43327 | H32: 846164000 | I32: 781242 | J32: N/A | K32: =+H32/I32 -> 1083.101
A33: 82 | B33: ALCALDIA MUNICIPAL SOACHA | C33: 640 de 2016 | E33: PRESTACIÓN DE SERVICIO PUBLICO DE TRANSPORTE TERRESTRE AUTOMOTOR ESPECIAL PARA LAS DIFERENTES… | F33: 78111800 | G33: 42855 | H33: 1300897164 | I33: 737717 | J33: N/A | K33: =+H33/I33 -> 1763.4095
A34: 78 | B34: SECRETARÍA DISTRITAL DE GOBIERNO | C34: 884 de 2016 | E34: PRESTACIÓN DE SERVICIO DE TRANSPORTE PUBLICO TERRESTRE AUTOMOTOR ESPECIAL PARA LOS PROYECTOS … | F34: 78111800 | G34: 42947 | H34: 666715000 | I34: 737717 | J34: N/A | K34: =+H34/I34 -> 903.75442
K35: =SUM(K32:K34) -> 3750.2649
K36: =IF(AND(K35>=I6),"CUMPLE ", "NO CUMPLE ") -> CUMPLE
A38: Proponente: | C38: 5 | D38: =+Directorio!B8 -> INVERSIONES TRANSTURISMOS SAS
A39: CONSECUTIVO RUP | B39: Propietario o Entidad Contratante | C39: Contrato | D39: Objeto | E39: Objeto del contrato | F39: CÓDIGO RUP | G39: Fecha Finalización | H39: Valor Contrato | I39: SMMLV para Cálculo | J39: % Part en la UT del contrato. | K39: Valor Contrato en SMMLV | L39: Observaciones
A40: 55 | B40: COLVATEL | C40: SGC-088-14 | E40: Prestacion del servicio de transporte de personal, materiales, equipos, herramientas y elementos de seguridad industrial para el desarrollo de las actividades propias de colvatel | F40: 78111800 | G40: 43465 | H40: 85425036854 | I40: 781242 | J40: 0.3 | K40: =(H40/I40)*J40 -> 32803.55
A41: 32 | B41: SECRETARIA DE INTEGRACIÓN SOCIAL | C41: 7095 | E41: Prestacion del servicio publico de transporte automotor especial para la secretaria de integracion social | F41: 78111800 | G41: 42221 | H41: 3984489831 | I41: 644350 | J41: 0.24 | K41: =(H41/I41)*J41 -> 1484.0965
A42: 53 | B42: FRONTERA ENERGY | C42: 5500002785 | E42: Servicio de transporte especial de personal de sus funcionarios y alquiler de vehiculos en campo quifa cajua | F42: 78111800 | G42: 43373 | H42: 40378029841 | I42: 781242 | J42: 1 | K42: =(H42/I42)*J42 -> 51684.407
K43: =SUM(K40:K42) -> 85972.054
K44: =IF(AND(K43>=I6),"CUMPLE ", "NO CUMPLE ") -> CUMPLE
A46: Proponente: | C46: 6 | D46: =+Directorio!B9 -> TRANSPORTES ESPECIALES NUEVA ERA SAS
A47: CONSECUTIVO RUP | B47: Propietario o Entidad Contratante | C47: Contrato | D47: Objeto | E47: Objeto del contrato | F47: CÓDIGO RUP | G47: Fecha Finalización | H47: Valor Contrato | I47: SMMLV para Cálculo | J47: % Part en la UT del contrato. | K47: Valor Contrato en SMMLV | L47: Observaciones
A48: 3 | B48: INVERAMERICA | C48: 507-207 | E48: Contrato la prestacion del servicio publico de transporte terrestre especial de pasajeros y de carga | F48: 78111800 | G48: 43100 | H48: 514380000 | I48: 737717 | J48: 1 | K48: =+(H48/I48)*J48 -> 697.25925
A49: 8 | B49: ELECTRIFICADORA DEL META S.A. ESP | C49: 4500005841 | E49: Servicio de transporte del personal dedicado a las actividades propias ELECTRIFICADORA DEL META S.A. ESP | F49: 78111800 | G49: 43434 | H49: 704923300 | I49: 781242 | J49: 0.5 | K49: =+(H49/I49)*J49 -> 451.15553
K50: =SUM(K48:K49) -> 1148.4148
K51: =IF(AND(K50>=I6),"CUMPLE ", "NO CUMPLE ") -> CUMPLE
A53: Proponente: | C53: 7 | D53: =+Directorio!B10 -> TRANSPORTES ESPECIALES UNO A LIMITADA
A54: CONSECUTIVO RUP | B54: Propietario o Entidad Contratante | C54: Contrato | D54: Objeto | E54: Objeto del contrato | F54: CÓDIGO RUP | G54: Fecha Finalización | H54: Valor Contrato | I54: SMMLV para Cálculo | J54: % Part en la UT del contrato. | K54: Valor Contrato en SMMLV | L54: Observaciones
A55: 26 | B55: ESSA E.S.P. ELECTRIFICADORA DE SANTANDER | C55: CT-2015-30 | E55: SERIVICIO DE TRANSPORTE TERRESTRE | F55: 78111800 | G55: 43097 | H55: 3357692361 | I55: 737717 | J55: 1 | K55: =+(H55/I55)*J55 -> 4551.464
A56: 24 | B56: TELMEX S.A. | C56: CM-2018-0122 | E56: TRANSPORTE DE PASAJEROS Y/O EQUIPOS AL CLIENTE | F56: 78111800 | G56: 43159 | H56: 1705896857 | I56: 781242 | J56: 1 | K56: =+(H56/I56)*J56 -> 2183.5703
A57: 25 | B57: TELMEX S.A. | C57: CM-2018-0123 | E57: TRANSPORTE DE PASAJEROS AL CLIENTE | F57: 78111800 | G57: 43131 | H57: 862169036 | I57: 781242 | J57: 1 | K57: =+(H57/I57)*J57 -> 1103.5877
K58: =SUM(K55:K57) -> 7838.622
K59: =IF(AND(K58>=I6),"CUMPLE ", "NO CUMPLE ") -> CUMPLE
A60: Proponente: | C60: 8 | D60: =+Directorio!B11 -> TRANSPORTES ESPECIALIZADOS JR SAS
A61: CONSECUTIVO RUP | B61: Propietario o Entidad Contratante | C61: Contrato | D61: Objeto | E61: Objeto del contrato | F61: CÓDIGO RUP | G61: Fecha Finalización | H61: Valor Contrato | I61: SMMLV para Cálculo | J61: % Part en la UT del contrato. | K61: Valor Contrato en SMMLV | L61: Observaciones
A62: 13 | B62: AGROBURSATIL S.A | C62: 20063618 | E62: Servicio de transporte Terrestre automotor publico especial con conductor, para transportar recurso humano de la entidad, materiales de capacitación población víctima y equipamiento requerido. | F62: 78111800 | G62: 41971 | H62: 3017121621 | I62: 616000 | J62: 1 | K62: =+(H62/I62)*J62 -> 4897.9247
A63: 15 | B63: UNIDAD ADMINISTRATIVA ESPECIAL DE GESTION DE RESTITUCION DE TIERRAS DESPOJADAS | C63: 1487 de 2013 | E63: Contratar los servicios de transporte publico terrestre automotor especial con conductor en las diferentes sedes con las que cuenta la unidad administrativa especial de gestión de restitución de tierras, incluidos todos los costos operacionales... | F63: 78111800 | G63: 41999 | H63: 3838635063 | I63: 616000 | J63: 1 | K63: =+(H63/I63)*J63 -> 6231.5504
A64: 37 | B64: UNIDAD ADMINISTRATIVA ESPECIAL DE ATENCION Y REPARACION INTEGRAL A LAS VICTIMAS -AGROBOLSA | C64: 25481010 | E64: Prestar el servicio de transporte terrestre automotor publico especial con conductor para transportar en el territorio nacional recurso humano de la entidad, materiales de capacitación, población víctima y equipamiento requerido para la realización de jornadas de atención, ... | F64: 78111800 | G64: 42735 | H64: 2905824463 | I64: 689455 | J64: 1 | K64: =+(H64/I64)*J64 -> 4214.6688
K65: =SUM(K62:K64) -> 15344.144
K66: =IF(AND(K65>=I6),"CUMPLE ", "NO CUMPLE ") -> CUMPLE
A68: Proponente: | C68: 9 | D68: =+Directorio!B12 -> TRANSGALAXIA SA
A69: CONSECUTIVO RUP | B69: Propietario o Entidad Contratante | C69: Contrato | D69: Objeto | E69: Objeto del contrato | F69: CÓDIGO RUP | G69: Fecha Finalización | H69: Valor Contrato | I69: SMMLV para Cálculo | J69: % Part en la UT del contrato. | K69: Valor Contrato en SMMLV | L69: Observaciones
B70: CAFAM | C70: 20180113 | E70: SERVICIOS DE TRANSPORTE ESPECIAL DE PASAJEROS | F70: 78111800 | G70: 43535 | H70: 900000000 | I70: 828116 | J70: 1 | K70: =+(H70/I70)*J70 -> 1086.8043
B71: SCHENEIDER ELECTRIC DE COLOMBIA S.A.S | C71: 68 | E71: SERVICIO DE TRANSPORTE DE EMPLEADO | F71: 78111800 | G71: 43465 | H71: 500000000 | I71: 781242 | J71: 1 | K71: =+(H71/I71)*J71 -> 640.00655
K72: =SUM(K70:K71) -> 1726.8108
K73: =IF(AND(K72>=I6),"CUMPLE ", "NO CUMPLE ") -> CUMPLE
A75: Proponente: | C75: 10 | D75: =+Directorio!B13 -> GRUPO EMPRESARIAL JHS SAS
A76: CONSECUTIVO RUP | B76: Propietario o Entidad Contratante | C76: Contrato | D76: Objeto | E76: Objeto del contrato | F76: CÓDIGO RUP | G76: Fecha Finalización | H76: Valor Contrato | I76: SMMLV para Cálculo | J76: % Part en la UT del contrato. | K76: Valor Contrato en SMMLV | L76: Observaciones
A77: 12 | B77: Subred integrada de seruicios de salud sm occidente E.S.E | C77: SO-4906 | E77: CONTRATAR ELSERVICIO DE TRANSPORTE ESPECIAL PARA PASAJEROS PARA EL EJERCICIO DE CUMPLIMIENTO DE LAS FUNCIONES… | F77: 78111800 | G77: 43244 | H77: 1479480000 | I77: 781242 | J77: 1 | K77: =+(H77/I77)*J77 -> 1893.7538 | L77: Se valida fecha de terminacion final con la certificacion y RUP. En anexo 8 esta con terminacion en año 2019
A78: 2 | B78: HOSPITAL DE ENCATIVA | C78: 052-14 | E78: PRESTAR EL SERVICIO PUBLICO DE TRANSPOTRTE TERRESTRE (PLACA BLANCA) PARA EL DESPLAZAMIENTO DE LOS SERVIDORES… | F78: 78111800 | G78: 42253 | H78: 301659167 | I78: 644350 | J78: 1 | K78: =+(H78/I78)*J78 -> 468.16042
A79: 3 | B79: HOSPITAI- DE CHAPINERO | C79: 200-2014 | E79: SUMINISTRAR AL HOSPITAL DE CHAPINERO EL SERVICIO DE TRANSPORTE DE PERSONAS, EL CUAL SE PRESTARA CON 22 VEHÍCULOS… | F79: 78111800 | G79: 42220 | H79: 705832987 | I79: 644350 | J79: 1 | K79: =+(H79/I79)*J79 -> 1095.4186
K80: =SUM(K77:K79) -> 3457.3328
K81: =IF(AND(K80>=I6),"CUMPLE ", "NO CUMPLE ") -> CUMPLE
A83: Proponente: | C83: 11 | D83: =+Directorio!B14 -> SERVITAC SAS
A84: CONSECUTIVO RUP | B84: Propietario o Entidad Contratante | C84: Contrato | D84: Objeto | E84: Objeto del contrato | F84: CÓDIGO RUP | G84: Fecha Finalización | H84: Valor Contrato | I84: SMMLV para Cálculo | J84: % Part en la UT del contrato. | K84: Valor Contrato en SMMLV | L84: Observaciones
A85: 33 | B85: SECRETARIA DISTRITAL DE INTEGRACION SOCIAL | C85: 8197 | E85: PRESTACION DE SERVICIO PUBLICO DE TRANSPORTE TERRESTRE AUTOMOTOR ESPECIAL PARA LA SECRETARIA DISTRITAL DE INTEGRACION SOCIAL. | F85: 78111800 | G85: 42925 | H85: 4324606133 | I85: 737717 | J85: 0.33 | K85: 1934.5088
A86: 49 | B86: INSTITUTO COLOMBIANO DE BIENESTAR FAMILIAR-ICBF | C86: 1666 | E86: PRESTAR EL SERVICIO DE TRANSPORTE PUBLICO TERRESTRE AUTOMOTOR ESPECIAL PARA EL INSTITUTO COLOMBIANO DE BIENESTAR FAMILIAR A NIVEL NACIONAL PARA LA MACRO REGION 4 | F86: 78111800 | G86: 43573 | H86: 18242557606 | I86: 828616 | J86: 0.25 | K86: 5503.9239
K87: =SUM(K85:K86) -> 7438.4327
K88: =IF(AND(K87>=I6),"CUMPLE ", "NO CUMPLE ") -> CUMPLE
A90: Proponente: | C90: 12 | D90: =+Directorio!B15 -> MIL SERVICIOS SAS
A91: CONSECUTIVO RUP | B91: Propietario o Entidad Contratante | C91: Contrato | D91: Objeto | E91: Objeto del contrato | F91: CÓDIGO RUP | G91: Fecha Finalización | H91: Valor Contrato | I91: SMMLV para Cálculo | J91: % Part en la UT del contrato. | K91: Valor Contrato en SMMLV | L91: Observaciones
A92: 2 | B92: INSEGCOL | C92: 3 | E92: SERVICIO DE TRANSPORTE DE PASAJEROS EN MODALIDAD ESPECIAL | F92: 78111800 | G92: 42004 | H92: 315225680 | I92: 616000 | J92: N/A | K92: 511.73
A93: 8 | B93: CONCORPLANET MED | C93: MS0000002016-0001 | E93: Prestacion del serivcio de transporte automotor especial en lamodlidad de alquiler en 40 camionetas doble cabina sin conductor y sin combustible para | F93: 78111800 | G93: 43100 | H93: 647902620 | I93: 737717 | J93: N/A | K93: 878.25361
K94: =SUM(K92:K93) -> 1389.9836
K95: =IF(AND(K94>=I6),"CUMPLE ", "NO CUMPLE ") -> CUMPLE
A97: Proponente: | C97: 13 | D97: =+Directorio!B16 -> SETCOLTUR SAS
A98: CONSECUTIVO RUP | B98: Propietario o Entidad Contratante | C98: Contrato | D98: Objeto | E98: Objeto del contrato | F98: CÓDIGO RUP | G98: Fecha Finalización | H98: Valor Contrato | I98: SMMLV para Cálculo | J98: % Part en la UT del contrato. | K98: Valor Contrato en SMMLV | L98: Observaciones
A99: 38 | B99: Instituto de financiamiento, promoción y de desarrollo de Ibagué - INFIBAGUÉ | C99: 037 del 06 de abril de 2018 | E99: Prestación del servicio de transporte en vehículos tipocamioneta de servicio público y vehículo tipo volqueta, para la ejecución de actividades del mantenimiento, modernización y expansión del sistema de alumbrado público en el sector urbano y rural del Municipio de Ibagué | F99: 78111800 | G99: 43590 | H99: 960882354 | I99: 828116 | J99: N/A | K99: 1160.3234
A100: 39 | B100: Instituto Colombiano de Bienestar Familiar - ICBF | C100: 1667-2015 | E100: Prestar el servicio de transporte público terrestre automotor especial para el Instituto Colombiano de Bienestar Familiar a nivel nacional para la Macro región tres (3) | F100: 78111800 | G100: 43642 | H100: 23084733953 | I100: 828116 | J100: 0.5 | K100: 13938.104
K101: =SUM(K99:K100) -> 15098.427
K102: =IF(AND(K101>=I6),"CUMPLE ", "NO CUMPLE ") -> CUMPLE
A104: Proponente: | C104: 14 | D104: =+Directorio!B17 -> AS TRANSPORTES
A105: CONSECUTIVO RUP | B105: Propietario o Entidad Contratante | C105: Contrato | D105: Objeto | E105: Objeto del contrato | F105: CÓDIGO RUP | G105: Fecha Finalización | H105: Valor Contrato | I105: SMMLV para Cálculo | J105: % Part en la UT del contrato. | K105: Valor Contrato en SMMLV | L105: Observaciones
A106: 56 | B106: MUNICIPIO DE MEDELLIN | C106: 4600069602 DE 2017 | E106: SERVICIO DE TRANSPORTE TERRESTRE AUTOMOTOR ESPECIAL DE PASAJEROS | F106: 78111800 | G106: 43159 | H106: 17078580636 | I106: 781242 | J106: 0.18 | K106: 3934.9453
A107: 55 | B107: MUNICIPIO DE MEDELLIN | C107: 4600064701 DE 2016 | E107: SERVICIO DE TRANSPORTE TERRESTRE AUTOMOTOR ESPECIAL DE PASAJEROS | F107: 78111800 | G107: 42809 | H107: 12668123299 | I107: 737717 | J107: 0.3 | K107: 5151.6191
K108: =SUM(K106:K107) -> 9086.5644
K109: =IF(AND(K108>=I6),"CUMPLE ", "NO CUMPLE ") -> CUMPLE
A111: Proponente: | C111: 15 | D111: =+Directorio!B18 -> UNION TEMPORAL TRANSPINTO 2020
A112: CONSECUTIVO RUP | B112: Propietario o Entidad Contratante | C112: Contrato | D112: Objeto | E112: Objeto del contrato | F112: CÓDIGO RUP | G112: Fecha Finalización | H112: Valor Contrato | I112: SMMLV para Cálculo | J112: % Part en la UT del contrato. | K112: Valor Contrato en SMMLV | L112: Observaciones
A113: 77 | B113: MUNICIPIO DE LA JAGUA DE IBIRIO | C113: 167-2018 | E113: SERVICIO DE TRANSPORTE PUBLICO ESPECIAL | F113: 78111800 | G113: 43465 | H113: 701250000 | I113: 781242 | J113: N/A | K113: 897.60919
A114: 2 | B114: OML SAS | C114: 1CTE2018 | E114: PRESTACION DEL SERVICIO DE TRANSPORTE | F114: 78111800 | G114: 43528 | H114: 240000000 | I114: 828116 | J114: N/A | K114: 289.81447
...

Sheet Req. Tecnicos
A1: =+'Exp. Proponente'!A1:L1 -> PRESTAR EL SERVICIO DE TRANSPORTE TERRESTRE AUTOMOTOR ESPECIAL, INCLUIDOS TODOS LOS GASTOS INHERENTES AL MISMO
A2: =+'Exp. Proponente'!A3:L3 -> SDHT-SASI-001-2020
A3: CUMPLIMIENTO DE ESPECIFICACIONES TÉCNICAS
B4: Proponente: | C4: =+Directorio!B4 -> TRANSPORTES ESPECIALES ALIADOS SAS | F4: =Directorio!B5 -> UT HABITAT SOCIAL | I4: =+Directorio!B6 -> MAVETRANS SAS | L4: =Directorio!B7 -> TRANSPORTES ESPECIALES FSG SAS | O4: =+Directorio!B8 -> INVERSIONES TRANSTURISMOS SAS | R4: =Directorio!B9 -> TRANSPORTES ESPECIALES NUEVA ERA SAS | U4: =+Directorio!B10 -> TRANSPORTES ESPECIALES UNO A LIMITADA | X4: =Directorio!B11 -> TRANSPORTES ESPECIALIZADOS JR SAS | AA4: =+Directorio!B12 -> TRANSGALAXIA SA | AD4: =Directorio!B13 -> GRUPO EMPRESARIAL JHS SAS | AG4: =+Directorio!B14 -> SERVITAC SAS | AJ4: =Directorio!B15 -> MIL SERVICIOS SAS | AM4: =+Directorio!B16 -> SETCOLTUR SAS | AP4: =Directorio!B17 -> AS TRANSPORTES | AS4: =+Directorio!B18 -> UNION TEMPORAL TRANSPINTO 2020 | AV4: =Directorio!B19 -> ESIVANS SAS | AY4: =+Directorio!B20 -> INVERSIONES TRANSABANA SAS | BB4: =Directorio!B21 -> ESTURISVANS SAS | BE4: =+Directorio!B22 -> TRANSPORTES CSC S.A.S - EN REORGANIZACIÓN | BH4: =Directorio!B23 -> ZIDCAR SAS | BK4: =+Directorio!B24 -> PLATINO VIP SAS | BN4: =+Directorio!B25 -> BUSINESS CLASS CO SAS | BQ4: =+Directorio!B26 -> LIDERTUR SA
A5: TDR | B5: DOCUMENTO | C5: SI | D5: NO | E5: OBSERVACIONES | F5: SI | G5: NO | H5: OBSERVACIONES | I5: SI | J5: NO | K5: OBSERVACIONES | L5: SI | M5: NO | N5: OBSERVACIONES | O5: SI | P5: NO | Q5: OBSERVACIONES | R5: SI | S5: NO | T5: OBSERVACIONES | U5: SI | V5: NO | W5: OBSERVACIONES | X5: SI | Y5: NO | Z5: OBSERVACIONES | AA5: SI | AB5: NO | AC5: OBSERVACIONES | AD5: SI | AE5: NO | AF5: OBSERVACIONES | AG5: SI | AH5: NO | AI5: OBSERVACIONES | AJ5: SI | AK5: NO | AL5: OBSERVACIONES | AM5: SI | AN5: NO | AO5: OBSERVACIONES | AP5: SI | AQ5: NO | AR5: OBSERVACIONES | AS5: SI | AT5: NO | AU5: OBSERVACIONES | AV5: SI | AW5: NO | AX5: OBSERVACIONES | AY5: SI | AZ5: NO | BA5: OBSERVACIONES | BB5: SI | BC5: NO | BD5: OBSERVACIONES | BE5: SI | BF5: NO | BG5: OBSERVACIONES | BH5: SI | BI5: NO | BJ5: OBSERVACIONES | BK5: SI | BL5: NO | BM5: OBSERVACIONES | BN5: SI | BO5: NO | BP5: OBSERVACIONES | BQ5: SI | BR5: NO | BS5: OBSERVACIONES
A6: Requisitos técnicos:
A7: 3.2.3.4 | B7: HABILITACIÓN PARAR OPERAR. Copia de la Resolución de habilitación para la prestación del servicio público de transporte terrestre automotor especial expedida por el Ministerio de Transporte (Decreto 348 de 2015) vigente y la misma debe contemplar el servicio en la modalidad requerida en el presente proceso. | C7: X | F7: X | I7: X | L7: X | O7: X | R7: X | U7: X | X7: X | AA7: X | AD7: X | AG7: X | AJ7: X | AM7: X | AP7: X | AS7: X | AU7: El proponente subsana con Resolucion de Habilitacion 927 del 11 de octubre de 2018 de la empresa TRASNPINTO SAS y Resolucion de Habilitacion 0062 del 03 de octubre de 2017 de la empresa COTRACOL. | AV7: X | AY7: X | BB7: X | BE7: X | BH7: X | BK7: X | BN7: X | BQ7: X
A8: 3.2.3.5 | B8: CERTIFICADO DE VIGENCIA DE LA HABILITACIÓN DE OPERACIÓN. El proponente deberá presentar copia de la certificación de vigencia de la Resolución de habilitación para la prestación del servicio público de transporte terrestre automotor especial expedida por el Ministerio de Transporte | C8: X | F8: X | I8: X | L8: X | O8: X | R8: X | U8: X | X8: X | AA8: X | AD8: X | AG8: X | AJ8: X | AM8: X | AP8: X | AS8: X | AV8: X | AY8: X | BB8: X | BE8: X | BH8: X | BK8: X | BN8: X | BQ8: X
A9: 3.2.3.6 | B9: CERTIFICADO DE CAPACIDAD TRANSPORTADORA Allegar con su propuesta una certificación de habilitación donde figure la capacidad transportadora de la empresa expedida por el Ministerio de Transporte con fecha de expedición no mayor a ciento ochenta (180) días calendarios anteriores a la fecha de cierre del proceso contractual. En todo caso el oferente deberá acreditar un mínimo de DIEZ POR CIENTO (10%) capacidad transportadora. En caso de uniones temporales o consorcios, Cada uno de los proponentes debe tener dicha capacidad. | C9: X | F9: X | I9: X | L9: X | O9: X | R9: X | U9: X | X9: X | AA9: X | AD9: X | AG9: X | AJ9: X | AM9: X | AP9: X | AS9: X | AV9: X | AY9: X | BB9: X | BE9: X | BH9: X | BK9: X | BN9: X | BQ9: X
A10: 3.2.3.7 | B10: PAZ Y SALVO DE SUPERINTENDENCIA DE PUERTOS Y TRANSPORTE El proponente deberá presentar copia del certificado de paz y salvo expedido por la Superintendencia de puertos y transportes, expedido Dentro de los seis (6) meses anteriores a la fecha de cierre del proceso de selección. En el documento de paz y salvo debe constar que el interesado se encuentra a paz y salvo por concepto de tasa de vigilancia, contribución especial, multas y sanciones; en caso de haber sido sancionado, debe constar que la firma se encuentra al día en los acuerdos de pago pactados; | C10: X | F10: X | I10: X | L10: X | O10: X | R10: X | U10: X | X10: X | AA10: X | AD10: X | AG10: X | AJ10: X | AN10: X | AO10: El proponente en subsanacion presenta soportes de acuerdos de pago 16251, 43136,77148,77157,7130 y 35312. Con respecto del acuerdo 47262 no presenta documento donde se pueda evidenciar el pago y /o paz ya salvo del mismo. Por lo tanto NO CUMPLE con lo solicitado | AP10: X | AS10: X | AV10: X | AZ10: X | BA10: El proponente subsana con documento de la Superintendencia de Transportes emitida el dia 19 de Diciembre de 2019 donde certifica se encuentra a Paz y Salvo. | BB10: X | BF10: X | BG10: Una vez verificado el documento aportado se evidencia que no se encuentra a paz y salvo | BH10: X | BK10: X | BN10: X | BR10: X | BS10: Una vez analizada la observación y sus justificaciones, en la documentación aportada en la propuesta y en la subsanación no se evidencia paz y salvo por la Superintendencia de Transportes ni soportes que acrediten estar al día en el pago de compromisos como lo solicita la SDHT Por lo tanto, el proponente no cumple con lo solicitado.

Sheet Resumen Evaluacion
A6: RESUMEN EVALUACIÓN TÉCNICA
A7: =+'Req. Tecnicos'!A2:K2 -> SDHT-SASI-001-2020
A8: =+'Req. Tecnicos'!A1:K1 -> PRESTAR EL SERVICIO DE TRANSPORTE TERRESTRE AUTOMOTOR ESPECIAL, INCLUIDOS TODOS LOS GASTOS INHERENTES AL MISMO
A10: No. | B10: NOMBRE DEL PROPONENTE | C10: EXPERIENCIA ESPECIFICA | D10: CUMPLIMIENTO ESPECIFICACIONES TÉCNICAS | E10: RESULTADO | F10: OBSERVACIONES
A13: 1 | B13: =+Directorio!B4 -> TRANSPORTES ESPECIALES ALIADOS SAS | C13: ='Exp. Proponente'!K14 -> CUMPLE | D13: CUMPLE | E13: HABILITADO TECNICAMENTE
A14: 2 | B14: =+Directorio!B5 -> UT HABITAT SOCIAL | C14: =+'Exp. Proponente'!K22 -> CUMPLE | D14: CUMPLE | E14: HABILITADO TECNICAMENTE | F14: El proponente allega certiticaciones de los contratos para acreditar experiencia. Por lo tanto CUMPLE
A15: 3 | B15: =+Directorio!B6 -> MAVETRANS SAS | C15: =+'Exp. Proponente'!K28 -> CUMPLE | D15: CUMPLE | E15: HABILITADO TECNICAMENTE | F15: El proponente allego documento con aclaracion del numero de consecutivo en RUP. Por lo tanto CUMPLE
A16: 4 | B16: =+Directorio!B7 -> TRANSPORTES ESPECIALES FSG SAS | C16: =+'Exp. Proponente'!K36 -> CUMPLE | D16: CUMPLE | E16: HABILITADO TECNICAMENTE
A17: 5 | B17: =+Directorio!B8 -> INVERSIONES TRANSTURISMOS SAS | C17: =+'Exp. Proponente'!K44 -> CUMPLE | D17: CUMPLE | E17: HABILITADO TECNICAMENTE
A18: 6 | B18: =+Directorio!B9 -> TRANSPORTES ESPECIALES NUEVA ERA SAS | C18: =+'Exp. Proponente'!K51 -> CUMPLE | D18: CUMPLE | E18: HABILITADO TECNICAMENTE
A19: 7 | B19: =+Directorio!B10 -> TRANSPORTES ESPECIALES UNO A LIMITADA | C19: =+'Exp. Proponente'!K59 -> CUMPLE | D19: CUMPLE | E19: HABILITADO TECNICAMENTE
A20: 8 | B20: =+Directorio!B11 -> TRANSPORTES ESPECIALIZADOS JR SAS | C20: =+'Exp. Proponente'!K66 -> CUMPLE | D20: CUMPLE | E20: HABILITADO TECNICAMENTE
A21: 9 | B21: =+Directorio!B12 -> TRANSGALAXIA SA | C21: CUMPLE | D21: CUMPLE | E21: HABILITADO TECNICAMENTE
A22: 10 | B22: =+Directorio!B13 -> GRUPO EMPRESARIAL JHS SAS | C22: =+'Exp. Proponente'!K81 -> CUMPLE | D22: CUMPLE | E22: HABILITADO TECNICAMENTE
A23: 11 | B23: =+Directorio!B14 -> SERVITAC SAS | C23: =+'Exp. Proponente'!K88 -> CUMPLE | D23: CUMPLE | E23: HABILITADO TECNICAMENTE
A24: 12 | B24: =+Directorio!B15 -> MIL SERVICIOS SAS | C24: =+'Exp. Proponente'!K95 -> CUMPLE | D24: CUMPLE | E24: HABILITADO TECNICAMENTE
A25: 13 | B25: =+Directorio!B16 -> SETCOLTUR SAS | C25: =+'Exp. Proponente'!K102 -> CUMPLE | D25: NO CUMPLE | E25: RECHAZADO | F25: Una vez verificada la información contenida en la subsanación la SDHT se permite indicar lo siguiente: De acuerdo con el documento aportado por el proponente en la propuesta inicial que fue emitido por la Superintendencia de Trasporte el día 12 de marzo de 2020, la SDHT procedió a cotejar los compromisos de pago por concepto de “multas” donde esta Entidad rectora certifica que este proponente NO se encuentra a paz y salvo. Por lo anterior, se evidencia que se encuentra resuelto a favor los compromisos 16251, 43136,77148,77157,7130 y 35312 excepto el No. 47262, donde no se encuentra documento que soporte su resolución a favor ni pago del mism o que se encuentre a paz y salvo. En atención a la solicitud del proponente de habitarse técnicamente, la SDHT determina que no es procedente, toda vez que no cumple con lo requerido en el pliego de condiciones y sus respectivos anexos “El proponente deberá presentar copia del certificado de paz y salvo expedido por la Superintendencia de puertos y transportes, expedido Dentro de los seis (6) meses anteriores a la fecha de cierre del proceso de selección. En el documento de paz y salvo debe constar que el interesado se encuentra a paz y salvo por concepto de tasa de vigilancia, contribución especial, multas y sanciones; en caso de haber sido sancionado, debe constar que la firma se encuentra al día en los acuerdos de pago pactados” Por lo tanto, el proponente no cumple con lo solicitado y no es habilitado técnicamente.
A26: 14 | B26: =+Directorio!B17 -> AS TRANSPORTES | C26: =+'Exp. Proponente'!K102 -> CUMPLE | D26: CUMPLE | E26: HABILITADO TECNICAMENTE
A27: 15 | B27: =+Directorio!B18 -> UNION TEMPORAL TRANSPINTO 2020 | C27: =+'Exp. Proponente'!K116 -> CUMPLE | D27: CUMPLE | E27: HABILITADO TECNICAMENTE | F27: El proponente subsana con Resolucion de Habilitacion 927 del 11 de octubre de 2018 de la empresa TRANSPINTO SAS y Resolucion de Habilitacion 0062 del 03 de octubre de 2017 de la empresa COTRACOL. Por lo tanto el proponente CUMPLE con lo solicitado.
A28: 16 | B28: =+Directorio!B19 -> ESIVANS SAS | C28: =+'Exp. Proponente'!K122 -> CUMPLE | D28: CUMPLE | E28: HABILITADO TECNICAMENTE
A29: 17 | B29: =+Directorio!B20 -> INVERSIONES TRANSABANA SAS | C29: =+'Exp. Proponente'!K129 -> CUMPLE | D29: CUMPLE | E29: HABILITADO TECNICAMENTE | F29: El proponente subsana con documento de la Superintendencia de Transportes emitida el dia 19 de Diciembre de 2019 donde certifica se encuentra a Paz y Salvo. Por lo tanto el proponente CUMPLE con lo solicitado.
A30: 18 | B30: =+Directorio!B21 -> ESTURISVANS SAS | C30: =+'Exp. Proponente'!K135 -> CUMPLE | D30: CUMPLE | E30: HABILITADO TECNICAMENTE
A31: 19 | B31: =+Directorio!B22 -> TRANSPORTES CSC S.A.S - EN REORGANIZACIÓN | C31: =+'Exp. Proponente'!K142 -> CUMPLE | D31: NO CUMPLE | E31: RECHAZADO | F31: Una vez analizada la observación y sus justificaciones, la SDHT se permite indicar que no es procedente, toda vez que no en el documento aportado en la propuesta emitido por la Superintendencia de Transportes no se encuentra a paz y salvo; así mismo en dicho documento se evidencian obligaciones en acuerdo de pago, lo que no es suficiente, teniendo en cuenta que lo requerido por la Entidad en el pliego de condiciones y sus respectivos anexos “El proponente deberá presentar copia del certificado de paz y salvo expedido por la Superintendencia de puertos y transportes, expedido Dentro de los seis (6) meses anteriores a la fecha de cierre del proceso de selección. En el documento de paz y salvo debe constar que el interesado se encuentra a paz y salvo por concepto de tasa de vigilancia, contribución especial, multas y sanciones; en caso de haber sido sancionado, debe constar que la firma se encuentra al día en los acuerdos de pago pactados”. Por lo anterior se solicita a los proponentes se encuentren con los compromisos de pago al día (pagados) y ni en la propuesta inicial ni en la subsanación se encuentran soportes que acrediten esta condición. Por lo tanto, el proponente no cumple con lo solicitado y no es habilitado técnicamente
A32: 20 | B32: =+Directorio!B23 -> ZIDCAR SAS | C32: =+'Exp. Proponente'!K150 -> CUMPLE | D32: CUMPLE | E32: HABILITADO TECNICAMENTE
A33: 21 | B33: =+Directorio!B24 -> PLATINO VIP SAS | C33: =+'Exp. Proponente'!K156 -> CUMPLE | D33: CUMPLE | E33: HABILITADO TECNICAMENTE
A34: 22 | B34: =+Directorio!B25 -> BUSINESS CLASS CO SAS | C34: =+'Exp. Proponente'!K162 -> CUMPLE | D34: CUMPLE | E34: HABILITADO TECNICAMENTE
A35: 23 | B35: =+Directorio!B26 -> LIDERTUR SA | C35: =+'Exp. Proponente'!K170 -> CUMPLE | D35: NO CUMPLE | E35: RECHAZADO | F35: 1. Subsana RUP y se encuentra los cotratos reportados. Para este aspecto CUMPLE 2. Una vez analizada la observación y sus justificaciones, la SDHT se permite indicar que no es procedente, toda vez que documentación aportada en la propuesta y en la subsanación no se evidencia paz y salvo por la Superintendencia de Transportes ni soportes que acrediten estar al día en el pago de compromisos como lo solicita la SDHT en en el pliego de condiciones y sus respectivos anexos “El proponente deberá presentar copia del certificado de paz y salvo expedido por la Superintendencia de puertos y transportes, expedido Dentro de los seis (6) meses anteriores a la fecha de cierre del proceso de selección. En el documento de paz y salvo debe constar que el interesado se encuentra a paz y salvo por concepto de tasa de vigilancia, contribución especial, multas y sanciones; en caso de haber sido sancionado, debe constar que la firma se encuentra al día en los acuerdos de pago pactados” Por lo tanto, el proponente no cumple con lo solicitado y no es habilitado técnicamente.
A36: COMITÉ EVALUADOR DEL COMPONENTE TÉCNICO:
A39: KATINA DURAN SALCEDO
A40: Contratista – Subdirección Administrativa
